 Dungeon Crawl Stone Soup version 0.28-a0-1594-ga885d4b3d6 (webtiles) character file.

Game seed: 5826876333619254391

476 grumblor the Chopper (level 7, 0/36 HPs)
             Began as a Vine Stalker Fighter on Jan 21, 2022.
             Was an Initiate of Sif Muna.
             Slain by a black bear (2 damage)
             ... on level 4 of the Dungeon.
             The game lasted 00:03:24 (2899 turns).

grumblor the Chopper (Vine Stalker Fighter)         Turns: 2899, Time: 00:03:24

Health: 0/36       AC:  8    Str: 20    XL:     7   Next: 10%
Magic:  0/8        EV: 10    Int:  8    God:    Sif Muna [......]
Gold:   198        SH:  5    Dex: 14    Spells: 6/6 levels left

rFire   . . .      SeeInvis .   l - +2 war axe (flame)
rCold   . . .      Faith    .   c - +0 buckler
rNeg    . . .      Spirit   +   b - +0 scale mail
rPois   .          Reflect  .   (no helmet)
rElec   .          Harm     .   (no cloak)
rCorr   .          Rampage  .   (no gloves)
Will    .....                   m - +0 pair of boots
Stlth   ..........              (no amulet)
HPRegen 0.92/turn               (no ring)
MPRegen 0.11/turn               (no ring)

@: no status effects
A: fangs 2, regeneration 1, magic shield, antimagic bite, no potion heal 2
a: Renounce Religion


You were on level 4 of the Dungeon.
You worshipped Sif Muna.
Sif Muna was noncommittal.
You visited 2 branches of the dungeon, and saw 5 of its levels.

You collected 198 gold pieces.

Inventory:

Hand Weapons
 a - a +0 war axe
 l - a +2 war axe of flaming (weapon)
Missiles
 k - 8 poisoned darts (quivered)
Armour
 b - a +0 scale mail (worn)
 c - a +0 buckler (worn)
 m - a +0 pair of boots (worn)
Scrolls
 e - a scroll of vulnerability
 f - a scroll of blinking
 h - 4 scrolls of teleportation
 j - a scroll of enchant armour {unknown}
Potions
 d - 3 potions of might
 g - 2 potions of mutation
 i - 2 potions of attraction {unknown}
 n - a potion of heal wounds {unknown}


   Skills:
 * Level 3.6 Fighting
 + Level 4.2 Axes
 * Level 1.0 Throwing
 + Level 3.5 Armour
 * Level 2.2 Dodging
 + Level 3.1 Shields
 * Level 0.1 Invocations


You had 6 spell levels left.
You didn't know any spells.
Your spell library contained the following spells:

 Spells                   Type           Power      Damage    Failure   Level
 Ozocubu's Armour         Ice            0%         N/A       99%         3
 Ozocubu's Refrigeration  Ice            0%         4d5       100%        7


Dungeon Overview and Level Annotations

Branches:
Dungeon (4/15)             Temple (1/1) D:4

Altars:
Ashenzari
Dithmenos
Elyvilon
Fedhas
Gozag
Hepliaklqana
Kikubaaqudgha
Makhleb
Nemelex Xobeh
Okawaru
Qazlal
Ru
Sif Muna
Trog
Uskayaw
Vehumet
Wu Jian
Xom
Yredelemnul
Zin
The Shining One


Innate Abilities, Weirdness & Mutations

You have extremely sharp teeth.
Your natural rate of healing is unusually fast.
When hurt, damage is shared between your health and your magic reserves.
Your bite disrupts and absorbs the magic of your enemies.
Potions cannot restore your health.


Message History

The black bear claws you but does no damage.
You completely miss the black bear.
The black bear is almost dead.
The black bear bites you! The black bear claws you.
The black bear claws you but does no damage.
The black bear bites you but does no damage.
The black bear claws you. The black bear closely misses you.
Unknown command.
You are too injured to fight recklessly!
Unknown command.
You are too injured to fight recklessly!
Unknown command.
You are too injured to fight recklessly!
Unknown command.
You are too injured to fight recklessly!
You are too injured to fight recklessly!
You barely miss the black bear.
The black bear is almost dead.
The black bear bites you.
The black bear claws you but does no damage.
You block the black bear's attack. The black bear bites you.
* * * LOW HITPOINT WARNING * * *
The black bear claws you. x2
* * * LOW HITPOINT WARNING * * *
You closely miss the black bear.
The black bear is almost dead.
The black bear bites you.
The black bear claws you but does no damage. x2
The black bear bites you but does no damage.
The black bear claws you but does no damage. x2
Unknown command.
You hit the black bear. You burn the black bear.
The black bear is almost dead.
The black bear bites you!
* * * LOW HITPOINT WARNING * * *
The black bear claws you but does no damage.
You block the black bear's attack.
The black bear bites you but does no damage.
The black bear claws you.
You die...

#............................
##.......#...................
######..#...............##..
##...................#..
##.......................
#.....................###
###.#.............##....#
#...##..>h#......#####.##
##...###@###.......###..#
##........##..##..#....#
##............###....##.
##.........#..## #.......
#.........###..###.......
##..(....##.##.##.#..#....
##....#......##.....#.##...
#.....#......##........#...
##...#....#.(..........##..


You could see a black bear (berserk).

Vanquished Creatures
  Sigmund (D:2)
  A scorpion (D:4)
  An orc priest (D:4)
  A centaur skeleton (D:3)
  Natasha (twice) (D:2)
  An iguana (D:4)
  A hound zombie (D:3)
  5 adders
  2 worms (D:2)
  4 dart slugs
  10 ball pythons
  9 bats
  6 endoplasms
  3 giant cockroaches
  2 goblins
  5 hobgoblins
  5 kobolds
  2 quokkas
  5 frilled lizards
  7 rats
73 creatures vanquished.

Vanquished Creatures (others)
  2 demonic plants (D:1)
2 creatures vanquished.

Grand Total: 75 creatures vanquished

Notes
Turn   | Place    | Note
-------+----------+-------------------------------------------
     0 | D:1      | grumblor the Vine Stalker Fighter began the quest for the
                  | Orb.
     0 | D:1      | Reached XP level 1. HP: 11/11 MP: 2/2
    75 | D:1      | Reached XP level 2. HP: 16/16 MP: 3/3
   144 | D:1      | Found a faded altar of an unknown god.
   417 | D:1      | Reached skill level 2 in Axes
   536 | D:1      | Reached XP level 3. HP: 16/20 MP: 4/4
   971 | D:2      | Noticed Sigmund
   979 | D:2      | Killed Sigmund
   980 | D:2      | Reached skill level 3 in Axes
   980 | D:2      | Reached skill level 1 in Dodging
   980 | D:2      | Gained mutation: Your natural rate of healing is unusually
                  | fast. [Vine Stalker growth]
   980 | D:2      | Reached XP level 4. HP: 24/24 MP: 5/5
   980 | D:2      | Reached XP level 5. HP: 28/28 MP: 6/6
  1191 | D:2      | Noticed Natasha
  1204 | D:2      | Killed Natasha
  1205 | D:2      | Reached XP level 6. HP: 28/32 MP: 5/7
  1317 | D:2      | Found a bloodstained altar of Trog.
  1385 | D:2      | Noticed Natasha
  1389 | D:2      | Killed Natasha
  2261 | D:4      | Reached skill level 4 in Axes
  2340 | D:4      | Found a staircase to the Ecumenical Temple.
  2346 | D:4      | Reached XP level 7. HP: 21/36 MP: 5/8
  2354 | Temple   | Entered the Ecumenical Temple
  2615 | Temple   | Became a worshipper of Sif Muna the Loreminder
  2681 | D:4      | Reached skill level 1 in Throwing
  2899 | D:4      | Slain by a black bear

Illustrated notes

Levels and vault maps discovered:
D:1:      minmay_arrival_plants_in_alcoves, layout_basic,
          shapermc_ecumenical_altar_gd, minmay_octomino_c4
D:2:      layout_loops_ring, basic_altar, grunt_decor_fettered,
          minmay_indecisive_spiral, uniq_natasha, uniq_sigmund
D:3:      layout_rooms
D:4:      layout_cave_pools, minmay_temple_entry_proselytizer,
          grunt_ministairs_1
Temple:   nicolae_temple_the_god_donut

Skill      XL: |  1  2  3  4  5  6  7 |
---------------+----------------------+-----
Fighting       | 3 |  3.6
Axes           | 2 3 4 |  4.2
Armour         | 3 |  3.5
Dodging        | 1 2 |  2.2
Shields        | 3 |  3.1
Throwing       | 1 |  1.0
Invocations    | |  0.1

Action                   |  1- 3 |  4- 6 |  7- 9 || total
-------------------------+-------+-------+-------++-------
Melee: War axe           |    64 |   111 |    16 ||   191
       Bite              |    12 |    33 |     5 ||    50
  Use: Scroll            |     4 |     3 |       ||     7
Armor: Scale mail        |    26 |    41 |    19 ||    86
Dodge: Dodged            |    41 |    59 |     6 ||   106
Block: Buckler           |    16 |    30 |     7 ||    53

Table legend: (Time is in decaauts)
 A = Elapsed time spent in this place.
 B = Non-inter-level travel time spent in this place.
 C = Inter-level travel time spent in this place.
 D = Time resting spent in this place.
 E = Time spent auto-exploring this place.
 F = Levels seen in this place.
 G = Mean time per level.
                   A        B        C        D        E       F      G
               +--------+--------+--------+--------+--------+-----+--------+
         Total |   2979 |   2936 |     43 |      0 |   2386 |   5 |  595.8 |
       Dungeon |   2706 |   2674 |     32 |      0 |   2147 |   4 |  676.5 |
        Temple |    272 |    261 |     11 |      0 |    239 |   1 |  272.0 |
               +--------+--------+--------+--------+--------+-----+--------+

Top non-repeatable levels by time:
     D:2: 925 daAuts
     D:1: 763 daAuts
     D:3: 546 daAuts
     D:4: 470 daAuts
  Temple: 272 daAuts
